 Dungeon Crawl Stone Soup version 0.19.1 (webtiles) character file.

202 Ladykiller69 the Cutter (level 5, -2/34 HPs)
             Began as a High Elf Assassin on Dec 14, 2016.
             Slain by Krapule's ghost (12 damage)
             ... on level 3 of the Dungeon.
             The game lasted 00:07:00 (3829 turns).

Ladykiller69 the Cutter (High Elf Assassin)         Turns: 3829, Time: 00:07:01

Health: -2/34      AC:  4    Str: 10    XL:     5   Next: 50%
Magic:  6/6        EV: 14    Int: 14    God:
Gold:   178        SH:  0    Dex: 18    Spells: 0 memorised, 4 levels left

rFire  + . .     SeeInvis .     a - +2 dagger
rCold  x . .     Gourm    .     c - +0 robe
rNeg   . . .     Faith    .     (no shield)
rPois  .         Spirit   .     (no helmet)
rElec  .         Reflect  .     d - +0 cloak
rCorr  .         Harm     .     (no gloves)
MR     .....                    j - +0 pair of boots
Stlth  +++.......               (no amulet)
                                (no ring)
                                h - ring of fire

@: no status effects
A: no striking features
a: no special abilities


You were on level 3 of the Dungeon.
You were not hungry.

You visited 1 branch of the dungeon, and saw 3 of its levels.

You collected 178 gold pieces.

Inventory:

Hand Weapons
 a - a +2 dagger (weapon)
 b - a +0 blowgun
Missiles
 e - 8 poisoned needles
 f - 2 curare-tipped needles
 r - 53 stones (quivered)
 z - 4 tomahawks
 C - a throwing net
Armour
 c - a +0 robe (worn)
 d - a +0 cloak (worn)
 j - a +0 pair of boots (worn)
Jewellery
 h - a ring of fire (left hand)
 B - a cursed -4 ring of intelligence {unknown}
Wands
 x - a wand of slowing (34/48)
Scrolls
 i - 2 scrolls of magic mapping {unknown}
 l - 5 scrolls of remove curse {unknown}
 m - 2 scrolls of teleportation {unknown}
 n - 2 scrolls of random uselessness {unknown}
 s - a scroll of enchant armour {unknown}
 u - a scroll of immolation {unknown}
 v - a scroll of identify {unknown}
 y - 2 scrolls of enchant weapon {unknown}
Potions
 k - a potion of invisibility {unknown}
 p - a potion of flight {unknown}
 q - a potion of heal wounds {unknown}
 t - a potion of might {unknown}
 w - a potion of haste {unknown}
 A - a potion of cure mutation {unknown}
 D - a potion of degeneration {unknown}
 E - a potion of brilliance {unknown}
Comestibles
 g - 4 bread rations
 o - 3 meat rations


   Skills:
 - Level 2.0 Fighting
 * Level 5.3 Short Blades
 - Level 2.0 Throwing
 + Level 1.9 Armour
 + Level 3.2 Dodging
 - Level 4.3 Stealth


You had 4 spell levels left.
You didn't know any spells.

Dungeon Overview and Level Annotations

Branches:
Dungeon (3/15)

Altars:

Annotations:
D:3 Krapule's ghost, amateur HOFi


Message History

Krapule's ghost turns its malevolent gaze towards you.
You see here a leather armour.
Krapule's ghost closely misses you.
Krapule's ghost whispers, "Death is liberation."
You see here a kobold corpse.
There is a stone staircase leading up here.
You hit Krapule's ghost but do no damage.
Krapule's ghost barely misses you.
You hit Krapule's ghost but do no damage.
Krapule's ghost closely misses you.
You hit Krapule's ghost but do no damage.
You barely miss Krapule's ghost. Krapule's ghost misses you.
You hit Krapule's ghost but do no damage.
Krapule's ghost hits you!
You hit Krapule's ghost but do no damage.
You hit Krapule's ghost but do no damage.
Krapule's ghost hits you!
* * * LOW HITPOINT WARNING * * *
Krapule's ghost hits you!
You die...

..#....# #.# #.# ..#
..#....# .. #.. #..#
.......# #.###.######..#
####...# .............###
.......# #.##.##.........
.##....# #..#............
.##....#
######.#.##.........
.##....+
#....#...##........w
.###...#
#..@W....##......... .#
##### #....#...##..[......
.#
#########....#...##.....(...
.#
#............#...##.........
)#
#............#...##.........
)#
#............#.#>##.........
.#
#............#.####.........
.# #..............#
#......... '##
#............### #.........


You could see Krapule's ghost.

Vanquished Creatures
  An orc wizard (D:3)
  3 gnolls
  4 adders
  An ooze (D:2)
  2 worms
  4 dart slugs
  4 leopard geckos
  3 orcs (D:3)
  2 ball pythons
  8 bats
  2 giant cockroaches
  8 goblins
  5 hobgoblins
  13 jackals
  A quokka (D:3)
  6 frilled lizards
  10 kobolds
  4 rats
81 creatures vanquished.

Vanquished Creatures (others)
  A giant cockroach (D:1)
1 creature vanquished.

Grand Total: 82 creatures vanquished

Notes
Turn   | Place    | Note
-------+----------+-------------------------------------------
     0 | D:1      | Ladykiller69 the High Elf Assassin began the quest for the Orb.
     0 | D:1      | Reached XP level 1. HP: 14/14 MP: 2/2
   599 | D:1      | Reached skill level 3 in Short Blades
   599 | D:1      | Reached XP level 2. HP: 19/19 MP: 3/3
  1106 | D:1      | Reached XP level 3. HP: 19/24 MP: 4/4
  1680 | D:2      | Reached skill level 4 in Short Blades
  1729 | D:1      | Reached skill level 1 in Armour
  1954 | D:2      | Reached XP level 4. HP: 21/29 MP: 5/5
  2822 | D:2      | Reached skill level 5 in Short Blades
  2972 | D:2      | Reached XP level 5. HP: 23/34 MP: 6/6
  3804 | D:3      | Noticed Krapule's ghost (amateur HOFi)
  3829 | D:3      | Slain by Krapule's ghost

Skill      XL: |  1  2  3  4  5 |
---------------+----------------+-----
Short Blades   | 3 4 5 |  5.3
Dodging        | 2 3 |  3.2
Armour         | 1 |  1.9
Fighting       | |  2.0
Throwing       | |  2.0
Stealth        | |  4.3

Action                   |  1- 3 |  4- 6 || total
-------------------------+-------+-------++-------
Melee: Dagger            |   156 |   165 ||   321
 Stab: Sleeping          |     8 |     8 ||    16
  Eat: Chunk             |     3 |     6 ||     9
Armor: Robe              |    34 |    23 ||    57
Dodge: Dodged            |    94 |    89 ||   183
